Description

First 3:30 of standard 16 hatch, 18 gas, 17 pool build into quick 3rd hatch at 26 (2:35). Includes zergling speed and overlord speed upgrades. Don't forget to pull 1 drone from gas to rally at 3rd location right after starting zergling speed upgrade.

Replay - Zerg Build Order 16-18-17

Build Order

Get SALT Encoding   

  12  0:03  Drone  
  13  0:12  Overlord  
  13  0:19  Drone  
  14  0:31  Drone x3  
  16  0:51  Hatchery  
  16  0:52  Drone  
  16  0:58  Drone x2  
  18  1:08  Extractor  
  17  1:16  Spawning Pool  
  16  1:19  Drone x2  
  18  1:31  Drone  
  19  1:40  Drone  
  20  1:50  Overlord  
  20  2:07  Queen x2  
  24  2:09  Metabolic Boost, Zergling x4  
  24  2:10  Action  Pull 1 drone from gas and send to 3rd location
  26  2:30  Hatchery  
  26  2:32  Drone x2  
  27  2:39  Drone  
  27  2:43  Overlord  
  28  2:57  Drone x2  
  30  3:00  Queen  
  32  3:04  Pneumatized Carapace  
  32  3:08  Drone x4  
Spawning Tool Build Advisor. Get it on Overwolf

Go to:

Details

  • Created by: the_grim_one
  • Published on: Jun 24, 2020
  • Modified on: Jun 24, 2020
  • Patch: 4.11.0
  • Difficulty: Medium
Show
View Real Time Build Order
Export as new Build Order

Comments (0)

There are no comments. Be the first!

Create an account to comment!